 Dungeon Crawl Stone Soup version 0.18.1-51-gd549091e01 (webtiles) character file.

14105 magog001 the Basher (level 11, -3/107 HPs)
             Began as a Minotaur Fighter on Aug 21, 2021.
             Was a Believer of Nemelex Xobeh.
             Slain by an orc warlord
             ... wielding a +1 dire flail of crushing
              (6 damage)
             ... on level 1 of the Orcish Mines.
             The game lasted 01:25:51 (14582 turns).

magog001 the Basher (Minotaur Fighter)             Turns: 14582, Time: 01:25:53

Health: -3/107     AC: 25    Str: 29    XL:     11   Next: 84%
Magic:  11/11      EV:  7    Int:  8    God:    Nemelex Xobeh [**....]
Gold:   440        SH: 13    Dex: 10    Spells: 0 memorised, 10 levels left

rFire  . . .     SeeInvis .     I - +6 flail (protect)
rCold  + . .     Gourm    .     K - +0 plate armour
rNeg   . . .     Faith    .     a - +0 shield
rPois  .         Spirit   .     k - +2 hat {Int+3}
rElec  .         Dismiss  .     m - +0 cloak
rCorr  .         Reflect  .     (no gloves)
SustAt .         Harm     .     (no boots)
MR     ++...                    c - amulet of regeneration
Stlth  ..........               H - ring of protection from magic
                                q - ring of protection from cold

@: mighty, drained, very resistant to hostile enchantments, extremely unstealthy
A: retaliatory headbutt, horns 2, rugged brown scales 1, thin metallic scales 1,
magic resistance 1, MP-powered wands
a: Renounce Religion


You were on level 1 of the Orcish Mines.
You worshipped Nemelex Xobeh.
Nemelex Xobeh was pleased with you.
You were hungry.

You visited 3 branches of the dungeon, and saw 14 of its levels.
You also visited: Sewer.

You collected 800 gold pieces.
You spent 360 gold pieces at shops.

Inventory:

Hand Weapons
 n - a +0 hunting sling
 I - a +6 flail of protection (weapon)
 X - the +3 trident of Cheibriados {pierce, *Corrode rN+ Str+2}
   (You found it on level 11 of the Dungeon)

   It inflicts extra damage upon your enemies.
   It affects your strength (+2).
   It protects you from negative energy.
   It may corrode you when you take damage.
 Z - a cursed -1 dagger
Missiles
 e - 698 stones
 h - 48 sling bullets
 i - 14 tomahawks
 s - 13 javelins (quivered)
 B - a throwing net
 C - 27 poisoned needles
Armour
 a - a +0 shield (worn)
 k - a +2 hat of intelligence (worn)
 m - a +0 cloak (worn)
 K - a +0 plate armour (worn)
Magical Staves
 L - an uncursed staff of earth {unknown}
Jewellery
 c - an amulet of regeneration (around neck)
 q - a ring of protection from cold (left hand)
 H - a ring of protection from magic (right hand)
Wands
 j - a wand of slowing (8/48)
 v - a wand of random effects (22/48)
 F - a wand of lightning (0/15)
 O - a wand of disintegration (4/24)
 Q - a wand of flame (34/48)
 S - a wand of teleportation (3/9)
Scrolls
 g - 2 scrolls of enchant armour {unknown}
 o - 7 scrolls of remove curse
 t - 2 scrolls of magic mapping
 u - a scroll of fog {unknown}
 x - 3 scrolls of fear {unknown}
 y - a scroll of blinking
 z - 8 scrolls of teleportation
 D - a scroll of amnesia
 J - 2 scrolls of random uselessness
 M - 3 scrolls of identify
Potions
 b - 3 potions of flight
 d - a potion of might
 l - 3 potions of curing {unknown}
 A - 2 potions of magic
 G - 2 potions of mutation {unknown}
 U - 3 potions of cure mutation {unknown}
 Y - a potion of haste
Books
 w - Sif Muna's Volume of Fire and Shape Shifting
   (You found it on level 9 of the Dungeon)

   Spells                             Type                      Level
   a - Conjure Flame                  Conjuration/Fire             3
   b - Petrify                        Transmutation/Earth          4
   c - Fireball                       Conjuration/Fire             5
Miscellaneous
 P - an ornate deck of escape
 V - an ornate deck of destruction {drawn: 1}
Comestibles
 f - 11 bread rations
 p - 6 meat rations
 r - 4 slices of pizza
 N - 6 beef jerkies
 R - 3 fruits


   Skills:
 * Level 12.2(11.7) Fighting
   Level 6.6(10.0) Axes
 * Level 12.5(12.6) Maces & Flails
 + Level 9.4(8.9) Armour
 + Level 1.0(0.7) Stealth
 + Level 10.9(10.5) Shields
 + Level 1.3(1.0) Evocations


You had 10 spell levels left.
You didn't know any spells.

Dungeon Overview and Level Annotations

Branches:
Dungeon (11/15)            Temple (1/1) D:5            Lair (0/8) D:11
    Orc (2/2) D:11            Elf (0/3) Orc:2

Altars:
Ashenzari
Cheibriados
Dithmenos
Elyvilon
Fedhas
Gozag
Kikubaaqudgha
Makhleb
Nemelex Xobeh
Okawaru
Pakellas
Qazlal
Ru
Sif Muna
Trog
Vehumet
Xom
Yredelemnul
Zin
The Shining One
Beogh

Shops:
D:4 =   D:8 :

Annotations:
Orc:2 Nessos


Innate Abilities, Weirdness & Mutations

You reflexively headbutt those who attack you in melee.
You have a pair of horns on your head.
You are partially covered in rugged brown scales (AC +1, +3% HP).
You are partially covered in thin metallic scales (AC +2).
You are resistant to hostile enchantments.
You expend magic power (3 MP) to strengthen your wands.


Message History

You bludgeon the orc warlord!!
The orc warlord is almost dead.
You block the troll's attack. The troll claws you but does no damage.
You block the troll's attack.
You closely miss the orc warlord. You headbutt the orc warlord!
The orc warlord is almost dead.
The orc warrior no longer looks unusually strong.
You block the orc warrior's attack.
The orc warlord roars a battlecry!
The orc warrior goes into a battle-frenzy!
The orc warlord hits you with a dire flail of crushing.
* * * LOW HITPOINT WARNING * * *
x2 You block the orc's attack.
You hit the orc warlord.
The orc warlord is almost dead.
The orc no longer looks unusually strong.
You block the troll's attack.
The troll claws you but does no damage. x2
The orc warlord hits you with a dire flail of crushing.
You die...
Your body disappears without a glow.

...........#..## #....#...#.
...............# #.....#.#..
#....#..#......## ######.........
##..#...##.#....###.##.##......#.
#.........##....##.......###...#.
....#..........##.#..............
...#......##.##................#.
...##...######.o.o#............#.
........###.#.#T@................
...[....##.....o.................
..##.#..)##...#..............#...
#.###..[#........................
...###.#.......................).
#.## ###.......#.................
### #........#....#..##........
##.####.###.##....##....### ###
### #####..####.### #


You could see an orc warlord, a troll, an orc warrior and an orc.

Vanquished Creatures
  Gastronok (D:9)
  Erolcha (D:8)
  Erica (D:8)
  A hill giant (D:11)
  A cyclops (D:11)
  An orc sorcerer (Orc:1)
  3 trolls
  2 polar bears (D:10)
  A two-headed ogre (D:9)
  Grinder (D:5)
  Prince Ribbit (D:8)
  5 yaks (D:11)
  Sigmund (D:3)
  A spriggan (D:7)
  A wyvern (D:11)
  A wraith (D:10)
  A hungry ghost (D:9)
  3 hippogriffs
  2 wargs (D:11)
  Edmund (D:5)
  A swamp drake (D:11)
  3 phantoms (D:9)
  A sky beast (D:10)
  11 orc warriors
  A wasp (D:11)
  A black bear (D:8)
  5 ogres
  2 centaurs
  3 giant frogs
  14 killer bees
  9 scorpions
  A crimson imp (D:7)
  A wasp zombie (D:10)
  A centaur zombie (D:5)
  A quasit (D:9)
  3 giant frog zombies
  4 hounds
  13 orc priests
  5 centaur skeletons
  2 giant frog skeletons
  2 iguanas
  22 orc wizards
  10 worker ants
  A hound zombie (D:5)
  A hound skeleton (D:8)
  3 worker ant zombies
  16 adders
  5 gnolls
  9 river rats
  2 shadow imps
  An adder skeleton (D:4)
  A worm (D:2)
  6 dart slugs
  4 giant geckos
  64 orcs
  11 giant cockroaches
  9 goblins
  8 hobgoblins
  10 jackals
  3 quokkas
  8 ball pythons
  7 bats
  A giant gecko skeleton (D:4)
  12 giant newts
  6 kobolds
  27 rats
  4 fungi (D:7)
365 creatures vanquished.

Vanquished Creatures (others)
  A fungus (D:7)
1 creature vanquished.

Grand Total: 366 creatures vanquished

Notes
Turn   | Place    | Note
--------------------------------------------------------------
     0 | D:1      | magog001 the Minotaur Fighter began the quest for the Orb.
     0 | D:1      | Reached XP level 1. HP: 19/19 MP: 0/0
     2 | D:1      | Noticed a tengu
     2 | D:1      | Noticed a troll
     4 | D:1      | Noticed a spriggan
     4 | D:1      | Noticed a naga
     6 | D:1      | Noticed a vine stalker
     6 | D:1      | Noticed a ghoul
     8 | D:1      | Noticed a centaur
     8 | D:1      | Noticed a halfling
    10 | D:1      | Noticed a merfolk
    12 | D:1      | Noticed a minotaur
    14 | D:1      | Noticed an ogre
    14 | D:1      | Noticed a formicid
    16 | D:1      | Noticed a gargoyle
    18 | D:1      | Noticed a draconian
    18 | D:1      | Noticed a human
    20 | D:1      | Noticed a vampire
    20 | D:1      | Noticed a felid
    22 | D:1      | Noticed an elf
    22 | D:1      | Noticed an octopode
    24 | D:1      | Noticed a demonspawn
    26 | D:1      | Noticed a dwarf
    26 | D:1      | Noticed a demigod
   196 | D:1      | Reached XP level 2. HP: 27/27 MP: 1/1
   682 | D:1      | Reached XP level 3. HP: 33/33 MP: 2/2
  1823 | D:2      | Reached XP level 4. HP: 41/41 MP: 3/3
  1833 | D:2      | Found an iron altar of Okawaru.
  3001 | D:3      | Reached XP level 5. HP: 37/47 MP: 4/4
  3015 | D:3      | Found a glowing golden altar of the Shining One.
  3360 | D:3      | Noticed Sigmund
  3381 | D:3      | Killed Sigmund
  3381 | D:3      | Reached skill level 5 in Fighting
  3381 | D:3      | Reached skill level 5 in Axes
  3381 | D:3      | Reached skill level 5 in Shields
  3381 | D:3      | Reached XP level 6. HP: 35/56 MP: 5/5
  3593 | D:3      | Found a sacrificial altar of Ru.
  3922 | D:4      | Found a glowing drain.
  3933 | Sewer    | Entered a sewer
  3974 | Sewer    | Reached skill level 5 in Armour
  4867 | D:4      | Got a shimmering leather armour
  4974 | D:4      | Reached XP level 7. HP: 60/62 MP: 6/6
  5113 | D:4      | Found a radiant altar of Vehumet.
  5176 | D:4      | Found Qulovouw's Jewellery Boutique.
  5963 | D:5      | Entered Level 5 of the Dungeon
  5973 | D:5      | Found a shattered altar of Ashenzari.
  5989 | D:5      | Found a shimmering altar of Xom.
  5989 | D:5      | Noticed an angel
  5993 | D:5      | Found a glowing silver altar of Zin.
  6097 | D:5      | Found a staircase to the Ecumenical Temple.
  6113 | Temple   | Entered the Ecumenical Temple
  6349 | D:5      | Identified the cursed +0 leather armour of the Lute {MR+ Stlth+} (You found it on level 4 of the Dungeon)
  6451 | D:5      | Noticed Edmund
  6472 | D:5      | Killed Edmund
  6678 | D:5      | Reached skill level 1 in Maces & Flails
  6714 | D:5      | Noticed Grinder
  6733 | D:5      | Killed Grinder
  6733 | D:5      | Reached XP level 8. HP: 49/73 MP: 7/7
  8455 | D:3      | You fall through a shaft for 2 floors!
  9013 | D:7      | Reached XP level 9. HP: 73/82 MP: 8/8
  9148 | D:7      | Reached skill level 5 in Maces & Flails
  9150 | D:7      | Found a glowing silver altar of Zin.
  9164 | D:7      | Found a snail-covered altar of Cheibriados.
  9483 | D:7      | Found a sparkling altar of Nemelex Xobeh.
  9496 | D:7      | Became a worshipper of Nemelex Xobeh the Trickster
  9954 | D:8      | Received a gift from Nemelex Xobeh
  9974 | D:8      | Noticed Erolcha
  9984 | D:8      | Killed Erolcha
 10097 | D:8      | Found an opulent altar of Gozag.
 10099 | D:8      | Noticed Erica
 10101 | D:8      | Found a deep blue altar of Sif Muna.
 10114 | D:8      | Killed Erica
 10114 | D:8      | Reached skill level 10 in Fighting
 10114 | D:8      | Reached skill level 1 in Stealth
 10114 | D:8      | Reached XP level 10. HP: 91/93 MP: 9/9
 10122 | D:8      | Found a shadowy altar of Dithmenos.
 10174 | D:8      | Found Uqur's Book Boutique.
 10378 | D:8      | Noticed Prince Ribbit
 10386 | D:8      | Killed Prince Ribbit
 11083 | D:4      | Bought an uncursed amulet of regeneration for 360 gold pieces
 11095 | D:4      | You fall through a shaft for 3 floors!
 11223 | D:9      | Noticed Gastronok
 11253 | D:9      | Killed Gastronok
 11253 | D:9      | Reached skill level 10 in Maces & Flails
 11253 | D:9      | Reached skill level 1 in Evocations
 11482 | D:9      | Identified Sif Muna's Volume of Fire and Shape Shifting
 11503 | D:9      | Got a bloodstained scale mail
 11539 | D:9      | Reached * piety under Nemelex Xobeh
 11581 | D:9      | Identified the +0 scale mail of Bitterness {Str+2} (You found it on level 9 of the Dungeon)
 11846 | D:9      | Received a gift from Nemelex Xobeh
 11896 | D:10     | Entered Level 10 of the Dungeon
 11924 | D:10     | Reached XP level 11. HP: 102/102 MP: 11/11
 12259 | D:10     | Gained mutation: You are resistant to hostile enchantments. [mutagenic meat]
 12260 | D:10     | Gained mutation: You expend magic power (3 MP) to strengthen your wands. [mutagenic meat]
 12261 | D:10     | Gained mutation: You are partially covered in thin metallic scales (AC +2). [mutagenic meat]
 12262 | D:10     | Gained mutation: You are partially covered in rugged brown scales (AC +1, +3% HP). [mutagenic meat]
 12395 | D:10     | Found a bloodstained altar of Trog.
 12515 | D:10     | Found an iron altar of Okawaru.
 12608 | D:10     | Received a gift from Nemelex Xobeh
 12909 | D:11     | Reached skill level 10 in Shields
 13023 | D:11     | Found a staircase to the Lair.
 13057 | D:11     | Reached ** piety under Nemelex Xobeh
 13086 | D:11     | Noticed a hill giant
 13094 | D:11     | Killed a hill giant
 13096 | D:11     | Got a faintly glowing trident
 13097 | D:11     | Identified the +3 trident of Cheibriados {pierce, *Corrode rN+ Str+2} (You found it on level 11 of the Dungeon)
 13410 | D:11     | Found a staircase to the Orcish Mines.
 13920 | Orc:1    | Entered Level 1 of the Orcish Mines
 14123 | Orc:1    | Found a roughly hewn altar of Beogh.
 14391 | Orc:1    | Noticed an orc sorcerer
 14399 | Orc:1    | Killed an orc sorcerer
 14531 | Orc:2    | Entered Level 2 of the Orcish Mines
 14534 | Orc:2    | Noticed an orc high priest
 14561 | Orc:2    | Noticed an orc warlord
 14567 | Orc:2    | Noticed Nessos
 14581 | Orc:1    | HP: 4/107 [orc warlord/dire flail of crushing (3)]
 14582 | Orc:1    | Slain by an orc warlord

Skill      XL: |  1  2  3  4  5  6  7  8  9 10 11 |
---------------+----------------------------------+-----
Fighting       | 4 5 7 8 10 11 12 | 12.2
Shields        | 4 5 7 8 9 10 | 10.9
Armour         | 4 5 6 7 8 9 |  9.4
Axes           | 3 5 6 |  6.6
Maces & Flails | 2 4 8 10 12 | 12.5
Stealth        | 1 |  1.0
Evocations     | 1 |  1.3

Action                   |  1- 3 |  4- 6 |  7- 9 | 10-12 || total
-------------------------+-------+-------+-------+-------++-------
Melee: War axe           |   107 |   174 |    69 |       ||   350
       Headbutt          |    11 |    25 |    85 |   101 ||   222
       Flail             |       |       |   314 |   502 ||   816
Evoke: Wand              |       |       |     7 |     6 ||    13
       Deck              |       |       |       |     1 ||     1
  Use: Potion            |       |     5 |     5 |     6 ||    16
       Scroll            |       |     5 |     9 |     4 ||    18
 Stab: Held in net/web   |       |       |     1 |       ||     1
       Confused          |       |       |       |     1 ||     1
  Eat: Chunk             |     1 |     3 |    10 |    16 ||    30
       Meat ration       |     1 |       |     1 |       ||     2
       Pizza             |       |     2 |       |     2 ||     4
       Beef jerky        |       |     1 |     1 |       ||     2
       Bread ration      |       |       |       |     1 ||     1
Armor: Scale mail        |    29 |       |       |       ||    29
       Chain mail        |    31 |   114 |    74 |       ||   219
       Plate armour      |       |       |   185 |   249 ||   434
       Skin              |       |       |       |     4 ||     4
Dodge: Dodged            |    35 |    35 |    96 |   121 ||   287
Block: Shield            |    67 |    95 |   200 |   324 ||   686
